 Dungeon Crawl Stone Soup version 0.18-a0-1354-gbc5753f (webtiles) character file.

218 Ratboiler the Magician (level 5, -1/28 HPs)
             Began as a Deep Elf Wanderer on Feb 19, 2016.
             Killed from afar by an orc wizard (6 damage)
             ... with a magic dart
             ... on level 3 of the Dungeon.
             The game lasted 00:09:07 (2794 turns).

Ratboiler the Magician (Deep Elf Wanderer)          Turns: 2794, Time: 00:09:07

Health: -1/28      AC:  5    Str:  8    XL:     5   Next: 63%
Magic:  1/14       EV: 11    Int: 18    God:
Gold:   106        SH:  0    Dex: 15    Spells: 3 memorised, 8 levels left

rFire  . . .     SeeInvis .     j - -1 dagger (curse)
rCold  . . .     Gourm    .     e - +0 robe
rNeg   . . .     Faith    .     (no shield)
rPois  .         Spirit   .     (no helmet)
rElec  .         Dismiss  .     q - +1 cloak
rCorr  .         Reflect  .     (no gloves)
SustAt .         Harm     .     k - +0 pair of boots
MR     .....                    (no amulet)
Stlth  ++........               (no ring)
                                (no ring)

@: not resistant to hostile enchantments, unstealthy
A: no striking features
a: no special abilities


You were on level 3 of the Dungeon.
You were not hungry.

You visited 1 branch of the dungeon, and saw 3 of its levels.

You collected 106 gold pieces.

Inventory:

Hand Weapons
 b - a +0 hand crossbow
 j - a cursed -1 dagger (weapon)
 z - a +1 dagger of speed
Missiles
 c - 24 bolts
 n - 7 poisoned needles
Armour
 e - a +0 robe (worn)
 k - a +0 pair of boots (worn)
 q - a +1 cloak (worn)
Jewellery
 t - an uncursed ring of magical power {unknown}
Wands
 d - a wand of random effects (15/48)
Scrolls
 g - a scroll of amnesia
 h - 2 scrolls of immolation {unknown}
 i - a scroll of blinking
 l - a scroll of identify {unknown}
 o - a scroll of acquirement {unknown}
 r - a scroll of enchant armour
 s - a scroll of enchant weapon {unknown}
 y - a scroll of remove curse {unknown}
Potions
 m - 2 potions of lignification {unknown}
 p - a potion of degeneration {unknown}
 u - a potion of haste {unknown}
 x - a potion of curing {unknown}
Books
 a - a book of Flames

   Spells                             Type                      Level
   a - Flame Tongue                   Conjuration/Fire             1
   b - Throw Flame                    Conjuration/Fire             2
   c - Conjure Flame                  Conjuration/Fire             3
   d - Inner Flame                    Hexes/Fire                   3
   e - Sticky Flame                   Conjuration/Fire             4
   f - Fireball                       Conjuration/Fire             5
Comestibles
 f - 2 bread rations
 v - 2 royal jellies
 w - a meat ration
 A - a chunk of flesh


   Skills:
   Level 1.0 Maces & Flails
 - Level 1.5 Armour
 - Level 1.2 Stealth
 + Level 5.4 Spellcasting
 * Level 4.9 Conjurations
 - Level 3.1 Fire Magic
 - Level 1.1 Evocations


You had 8 spell levels left.
You knew the following spells:

 Your Spells              Type           Power        Failure   Level  Hunger
a - Flame Tongue          Conj/Fire      ###..        2%          1    None
b - Throw Flame           Conj/Fire      ###...       4%          2    #......
c - Conjure Flame         Conj/Fire      ###.....     10%         3    ##.....


Dungeon Overview and Level Annotations

Branches:
Dungeon (3/15)

Altars:
Pakellas


Message History

You see here a ball python corpse.
You butcher the ball python corpse.
Things that are here:
4 chunks of flesh; a ball python skeleton You hit the orc wizard but do no damage.
The orc wizard is severely wounded.
The orc wizard hits you with a dagger.
* * * LOW HITPOINT WARNING * * *
Casting: Flame Tongue
Confirm with . or Enter, or press ? or * to list all spells.
Aiming: Flame Tongue
Press: ? - help, Shift-Dir - straight line, f - orc wizard
Aim: an orc wizard, wielding a dagger and wearing a robe (heavily wounded, fast)
The flame tongue misses the orc wizard.
The orc wizard casts a spell at you. The magic dart hits you!
* * * LOW HITPOINT WARNING * * *
The orc wizard gestures at you while chanting.
The magic dart hits you!
You die...

###.### #..........#......#.#.
....## #.[)...#####.######.#.
....... .....#'#### #.# #.#.
...#.## .#. #§# #.# #.#. ...#.#
#.###)### #.# #.#. ...#.#
#...#)#.# #.# ..##.#. ...#.#
#...#.#.# #.#...##... ####.# #
#...#.#.# ###.#...###.. # #.#
#.#...#.#@# #............
####.###.#...#.#o# #........###.
.......#.........# #...###..# #.
.......+....##.#.# #...# #..# #.
.......####.##.#.####...# #..# #.
......................).###÷.###.
###..####...................<....
..............[..................
....#######.........#..#####.#.#.


You could see an orc wizard.

Vanquished Creatures
  A centaur zombie (D:3)
  2 orc priests (D:3)
  3 adders
  A gnoll (D:1)
  2 oozes
  A worm (D:2)
  3 giant geckos
  7 orcs (D:3)
  2 ball pythons
  8 bats
  2 giant cockroaches (D:1)
  7 goblins
  8 hobgoblins
  4 jackals (D:1)
  8 kobolds
  A quokka (D:2)
  4 giant newts
  4 rats
68 creatures vanquished.

Notes
Turn   | Place    | Note
--------------------------------------------------------------
     0 | D:1      | Ratboiler the Deep Elf Wanderer began the quest for the Orb.
     0 | D:1      | Ratboiler set off with: a book of Flames, a +0 hand crossbow, 25 bolts, a wand of random effects (15/48), a +0 robe, a bread ration
     0 | D:1      | Reached XP level 1. HP: 10/10 MP: 7/7
     2 | D:1      | Learned a level 1 spell: Flame Tongue
    86 | D:1      | Reached skill level 1 in Conjurations
   151 | D:1      | Reached XP level 2. HP: 15/15 MP: 6/9
   175 | D:1      | Learned a level 2 spell: Throw Flame
   686 | D:1      | Reached XP level 3. HP: 13/19 MP: 1/10
   780 | D:1      | Learned a level 3 spell: Conjure Flame
  1225 | D:2      | Reached XP level 4. HP: 24/24 MP: 9/12
  1303 | D:2      | Found an oddly glowing altar of Pakellas.
  2298 | D:3      | Reached skill level 5 in Spellcasting
  2406 | D:3      | Reached XP level 5. HP: 17/28 MP: 5/14
  2794 | D:3      | Killed from afar by an orc wizard

Vault maps used:
D:1:      lightli_arrival_boilingwater, dk_noncrumbling_4
D:2:      grunt_pakellas_mercury

Action                   |  1- 3 |  4- 6 || total
-------------------------+-------+-------++-------
Melee: Dagger            |    20 |    29 ||    49
 Fire: Hand crossbow     |    11 |       ||    11
 Cast: Flame Tongue      |    21 |    21 ||    42
       Throw Flame       |    26 |    47 ||    73
  Use: Scroll            |     1 |     2 ||     3
 Stab: Sleeping          |       |     1 ||     1
  Eat: Chunk             |     2 |     3 ||     5
       Pizza             |       |     1 ||     1
